 Dungeon Crawl Stone Soup version 0.19-a0-895-gdbd5520 (webtiles) character file.

400 LORDOFBUTT the Shield-Bearer (level 6, -6/55 HPs)
             Began as a Minotaur Fighter on July 4, 2016.
             Killed from afar by an orc wizard (7 damage)
             ... with a magic dart
             ... on level 4 of the Dungeon.
             The game lasted 00:02:30 (2129 turns).

LORDOFBUTT the Shield-Bearer (Minotaur Fighter)     Turns: 2129, Time: 00:02:31

Health: -6/55      AC:  7    Str: 21    XL:     6   Next: 54%
Magic:  5/5        EV:  9    Int:  5    God:
Gold:   306        SH: 10    Dex: 11    Spells: 0 memorised, 5 levels left

rFire  . . .     SeeInvis .     a - +0 flail
rCold  . . .     Gourm    .     b - +0 scale mail
rNeg   . . .     Faith    .     c - +0 shield
rPois  .         Spirit   .     (helmet restricted)
rElec  .         Dismiss  .     (no cloak)
rCorr  .         Reflect  .     (no gloves)
SustAt .         Harm     .     (no boots)
MR     .....                    (no amulet)
Stlth  ..........               (no ring)
                                (no ring)

@: not resistant to hostile enchantments, extremely unstealthy
A: retaliatory headbutt, horns 2
a: no special abilities


You were on level 4 of the Dungeon.
You were not hungry.

You visited 1 branch of the dungeon, and saw 4 of its levels.

You collected 306 gold pieces.

Inventory:

Hand Weapons
 a - a +0 flail (weapon)
Armour
 b - a +0 scale mail (worn)
 c - a +0 shield (worn)
Wands
 v - a wand of digging (15/24)
Scrolls
 g - a scroll of teleportation {unknown}
 h - 2 scrolls of fog {unknown}
 i - a scroll of random uselessness {unknown}
 j - 2 scrolls of remove curse {unknown}
 k - 2 scrolls of immolation {unknown}
 m - a scroll of enchant armour {unknown}
 n - 3 scrolls of magic mapping {unknown}
Potions
 d - a potion of flight
 e - 2 potions of ambrosia
 o - a potion of curing
 p - a potion of cancellation
 r - a potion of invisibility
 s - a potion of haste
 t - a potion of lignification
 u - 3 potions of brilliance {unknown}
 x - a potion of cure mutation {unknown}
Comestibles
 f - 2 bread rations
 q - 2 meat rations
 z - a slice of pizza


   Skills:
 + Level 4.9 Fighting
 + Level 3.7 Maces & Flails
 + Level 5.5 Armour
 + Level 2.6 Dodging
 + Level 5.5 Shields


You had 5 spell levels left.
You didn't know any spells.

Dungeon Overview and Level Annotations

Branches:
Dungeon (4/15)
 Temple: D:4-7

Altars:
The Shining One


Innate Abilities, Weirdness & Mutations

You reflexively headbutt those who attack you in melee.
You have a pair of horns on your head.


Message History

The adder skeleton closely misses you. You furiously retaliate!
You headbutt the adder skeleton!
You destroy the adder skeleton!
The orc wizard hits you with a dagger.
* * * LOW HITPOINT WARNING * * *
The orc wizard hits you but does no damage.
The orc priest barely misses you.
The orc wizard gestures at you while chanting.
The puff of flame hits you!
You closely miss the orc priest.
The orc priest is moderately wounded.
You block the orc priest's attack.
The orc wizard gestures at you while chanting.
The puff of frost hits you!
* * * LOW HITPOINT WARNING * * *
The orc wizard points at you and mumbles some strange words.
The magic dart hits you!
The orc wizard points at you and mumbles some strange words.
The magic dart hits you!
You die...

#.(.#......# #.
#.####...#.# #..# #.
#..........# #..# #.
######..##.###..######.
#.................
#...###.#.########
#...# #.#.# #)o.# #.#.#
#@o.# #.#.# #oo.# #.#.#
.o........#
.....###.### ......#
#.# ##.#.#.# #.....#
###....


You could see an orc priest, 3 orc wizards and an orc.

Vanquished Creatures
  Grinder (D:3)
  The ghost of crawdingle the Charlatan, an amateur SpAr (D:3)
  A hound (D:4)
  Robin (D:4)
  3 adders
  An ooze (D:2)
  An adder skeleton (D:4)
  A dart slug (D:3)
  2 giant geckos
  3 orcs (D:3)
  7 bats
  2 giant cockroaches
  15 goblins
  10 hobgoblins
  7 kobolds
  2 ball pythons
  A jackal skeleton (D:4)
  7 rats
66 creatures vanquished.

Notes
Turn   | Place    | Note
-------+----------+-------------------------------------------
     0 | D:1      | LORDOFBUTT the Minotaur Fighter began the quest for the Orb.
     0 | D:1      | Reached XP level 1. HP: 19/19 MP: 0/0
   237 | D:1      | Reached XP level 2. HP: 27/27 MP: 1/1
   247 | D:1      | Found a glowing golden altar of the Shining One.
   900 | D:2      | Reached XP level 3. HP: 32/33 MP: 2/2
  1003 | D:2      | Reached skill level 1 in Dodging
  1188 | D:3      | Noticed Grinder
  1196 | D:3      | Killed Grinder
  1196 | D:3      | Reached skill level 5 in Armour
  1196 | D:3      | Reached skill level 5 in Shields
  1196 | D:3      | Reached XP level 4. HP: 20/41 MP: 3/3
  1196 | D:3      | Reached XP level 5. HP: 23/47 MP: 4/4
  1308 | D:3      | Noticed crawdingle's ghost (amateur SpAr)
  1314 | D:3      | Killed crawdingle's ghost
  1314 | D:3      | Reached XP level 6. HP: 16/53 MP: 5/5
  2101 | D:4      | Noticed Robin
  2120 | D:4      | Killed Robin
  2129 | D:4      | HP: 1/55 [orc wizard/puff of frost (5)]
  2129 | D:4      | Killed from afar by an orc wizard

Vault maps used:
D:1:      arrival_zaba_pyramid, tso_metal_star
D:2:      first_bread
D:3:      uniq_grinder
D:4:      minmay_shop_grove, uniq_duvessa, uniq_edmund, uniq_blork_the_orc,
          uniq_robin

Skill      XL: |  1  2  3 |
---------------+----------+-----
Armour         | 4 5 |  5.5
Fighting       | 4 |  4.9
Shields        | 4 5 |  5.5
Dodging        | 2 |  2.6
Maces & Flails | 3 |  3.7

Action                   |  1- 3 |  4- 6 || total
-------------------------+-------+-------++-------
Melee: Flail             |    93 |    53 ||   146
       Headbutt          |    16 |     6 ||    22
  Use: Potion            |     1 |     2 ||     3
       Scroll            |       |     7 ||     7
  Eat: Beef jerky        |       |     2 ||     2
       Fruit             |       |     2 ||     2
Armor: Scale mail        |    38 |    43 ||    81
Dodge: Dodged            |    27 |    52 ||    79
Block: Shield            |    55 |    52 ||   107
